 Dungeon Crawl Stone Soup version 0.13.0-11-g0187522 (webtiles) character file.

230 Antunes the Charlatan (level 5, -10/42 HPs)
             Began as a Draconian Artificer on Oct 18, 2013.
             Killed by divine providence
             ... invoked by an orc priest
              (16 damage)
             ... on Level 3 of the Dungeon.
             The game lasted 00:38:59 (3877 turns).

Antunes the Charlatan (Draconian Artificer)         Turns: 3877, Time: 00:38:59

HP -10/42        AC  6     Str 14      XL: 5   Next: 65%
MP   8/8         EV 10     Int 13      God:
Gold 9           SH 14     Dex 11      Spells:  0 memorised,  5 levels left

Res.Fire  : . . .   See Invis. : .   I - +2,+1 elf short sword
Res.Cold  : . . .   Warding    : .   (armour unavailable)
Life Prot.: . . .   Conserve   : .   L - +0 shield (curse)
Res.Poison: .       Res.Corr.  : .   (helmet restricted)
Res.Elec. : .       Clarity    : .   (no cloak)
Sust.Abil.: . .     Spirit.Shd : .   k - +0 pair of gloves
Res.Mut.  : .       Stasis     : .   (no boots)
Res.Rott. : .       Flight     : .   (no amulet)
Saprovore : . . .                    (no ring)
                                     B - ring of wizardry

@: invisible, slightly resistant to hostile enchantments, fairly stealthy
A: unfitting armour, AC +5
a: no special abilities


You were on level 3 of the Dungeon.
You were hungry.

You visited 1 branch of the dungeon, and saw 4 of its levels.

You collected 199 gold pieces.
You spent 210 gold pieces at shops.

Inventory:

Hand weapons
 a - a +0,+0 short sword
 q - a +0,+1 orcish club (quivered)
 t - a +0,+0 dagger
 v - a +0,+0 mace
 x - a cursed -1,-3 dagger
 y - a +0,+0 sling
 E - a +1,+3 orcish dagger
 I - a +2,+1 elven short sword (weapon)
 O - a +0,+0 sling
Missiles
 o - 11 sling bullets
 C - 14 arrows of frost
 G - 8 silver bolts
 K - a throwing net
 P - 10 arrows of flame
Armour
 k - a +0 pair of gloves (worn)
 L - a cursed +0 shield (worn)
Magical devices
 b - a wand of flame (15)
 c - a wand of enslavement (13)
 d - a wand of random effects (15)
 T - a wand of polymorph (6)
Comestibles
 f - 4 bread rations
 g - 2 rotting chunks of worker ant flesh {@w1}
 h - 2 rotting chunks of hound flesh {@w1}
 i - a rotting chunk of ball python flesh {@w1}
 l - 3 meat rations
 n - a slice of pizza
 A - 2 pears
 H - an apple
Scrolls
 e - 2 scrolls of remove curse {unknown}
 m - 3 scrolls of identify {unknown}
 r - a scroll of fog
 J - a scroll of noise
Jewellery
 j - an uncursed ring of protection from fire {unknown}
 B - a ring of wizardry (left hand)
 N - an uncursed ring of protection from magic {unknown}
Potions
 p - a potion of mutation {unknown}
 u - a potion of heal wounds {unknown}
 w - a potion of paralysis {unknown}
 z - 5 potions of curing
 D - 2 potions of restore abilities
 R - a potion of slowing {unknown}
 U - a potion of speed
 V - a potion of confusion {!q}


   Skills:
 * Level 2.6 Fighting
 + Level 1.9 Short Blades
 + Level 2.8 Dodging
 * Level 2.4 Stealth
 * Level 0.6 Shields
 * Level 0.6 Spellcasting
 * Level 4.3 Evocations


You had 5 spell levels left.
You didn't know any spells.

Dungeon Overview and Level Annotations

Branches:
Dungeon (4/27)
 Temple: D:4-7

Altars:

Shops:
D:4 !


Message History

Evoke which item? (* to show all) (? for menu, Esc to quit)
Zapping:
c - a wand of enslavement (15)
Aim: an adder
Okay, then.
Welcome back, Antunes the Draconian Artificer.
Evoke which item? (* to show all) (? for menu, Esc to quit)
Zapping:
c - a wand of enslavement (15)
Aim: an adder The adder easily resists.
This wand has 14 charges left.
The adder closely misses you.
You smell something rotten. (slot g) Evoke which item? (* to show all) (? for menu, Esc to quit)
Zapping:
c - a wand of enslavement (14)
Aim: an adder The adder is charmed.
This wand has 13 charges left.
* * * LOW HITPOINT WARNING * * *
You feel sick.
The orc priest hits you with an orcish dagger.
* * * LOW HITPOINT WARNING * * *
Drink which item? (? for menu, Esc to quit)
You feel better.
The orc priest calls down the wrath of Beogh upon you.
Something smites you!
* * * LOW HITPOINT WARNING * * *
What do you say? t - Shout!
Orders for allies: a - Attack new target. p - Attack previous target. r - Retreat! s - Stop attacking. w - Wait here. f - Follow me.
Anything else - Stay silent.
Gang up on whom?
Aim: an orc priest, wielding an orcish dagger
Okay, then.
Welcome back, Antunes the Draconian Artificer.
Drink which item? (? for menu, Esc to quit)
You fade into invisibility!
You are feeling hungry.
The orc priest mumbles some strange prayers to Beogh against you.
Something smites you!
You die...

#....# #......
#....# #......
#....# ###......
#....#####........
#........o.#......
#....##########.##
###.## #..o ##S.#
#### #@o## # #'##
#..... ..o #.....
#<... #..>..
#..... #.....
#...... ...o.
#....... ....
#...... .g. ...


You could see an orc priest, an orc and a friendly adder.

Vanquished Creatures
  2 hounds (D:4)
  A worker ant (D:4)
  6 adders
  A worm (D:3)
  3 giant geckos
  An orc (D:3)
  5 bats
  4 giant cockroaches
  10 goblins
  10 hobgoblins
  5 jackals
  10 kobolds
  3 ball pythons
  2 giant newts
  7 rats
  A plant (D:1)
71 creatures vanquished.

Notes
Turn   | Place    | Note
--------------------------------------------------------------
     0 | D:1      | Antunes, the Draconian Artificer, began the quest for the Orb.
     0 | D:1      | Reached XP level 1. HP: 17/17 MP: 1/1
   400 | D:1      | Reached XP level 2. HP: 24/24 MP: 3/3
   655 | D:1      | Reached skill level 1 in Stealth
   795 | D:1      | Reached skill level 2 in Dodging
  1237 | D:2      | Reached XP level 3. HP: 27/29 MP: 4/4
  2015 | D:3      | Reached XP level 4. HP: 29/36 MP: 6/6
  2151 | D:3      | Reached skill level 2 in Fighting
  2672 | D:2      | Reached skill level 4 in Evocations
  3429 | D:4      | Found Pnauhy's Distillery.
  3441 | D:4      | Reached skill level 2 in Stealth
  3441 | D:4      | Reached XP level 5. HP: 30/42 MP: 8/8
  3490 | D:4      | Bought a potion of speed for 55 gold pieces
  3490 | D:4      | Bought a potion of curing for 20 gold pieces
  3490 | D:4      | Bought a potion of curing for 20 gold pieces
  3490 | D:4      | Bought a potion of confusion for 10 gold pieces
  3490 | D:4      | Bought a potion of curing for 20 gold pieces
  3490 | D:4      | Bought a potion of restore abilities for 30 gold pieces
  3490 | D:4      | Bought a potion of invisibility for 55 gold pieces
  3877 | D:3      | Killed from afar by an orc priest

Action                   |  1- 3 |  4- 6 || total
-------------------------+-------+-------++-------
Melee: Short sword       |   242 |   182 ||   424
Throw: Dart              |       |     8 ||     8
       Club              |       |     1 ||     1
       Dagger            |       |     1 ||     1
Evoke: Wand              |       |     3 ||     3
  Use: Scroll            |       |     7 ||     7
       Potion            |       |     2 ||     2
 Stab: Sleeping          |       |     1 ||     1

Table legend:
 A = Turns spent in this place as a percentage of turns spent in the entire game.
 B = Non-inter-level travel turns spent in this place as a percentage of non-inter-level travel turns spent in the entire game.
 C = Inter-level travel turns spent in this place as a percentage of turns spent in this place.
 D = Turns resting spent in this place as a percentage of non-inter-level travel turns spent in this place.
 E = Turns spent auto-exploring this place as a percentage of non-inter-level travel turns spent in this place.
 F = Non-inter-level travel turns spent in this place divided by the number of levels of this place that you've seen.
                   A       B       C       D       E      F
               +-------+-------+-------+-------+-------+----------------------
         Total | 100.0 | 100.0 |   0.0 |   2.3 |   0.1 | 577.8
       Dungeon | 100.0 | 100.0 |   0.0 |   2.3 |   0.1 | 577.8
               +-------+-------+-------+-------+-------+----------------------

Table legend:
 A = Kills in this place as a percentage of kills in entire the game.
 B = Kills by you in this place as a percentage of kills by you in the entire game.
 C = Kills by friends in this place as a percentage of kills by friends in the entire game.
 D = Other kills in this place as a percentage of other kills in the entire game.
 E = Experience gained in this place as a percentage of experience gained in the entire game.
 F = Experience gained in this place divided by the number of levels of this place that you have seen.
                   A       B       C       D       E      F
               +-------+-------+-------+-------+-------+----------------------
         Total | 100.0 | 100.0 |  -nan |  -nan | 100.0 |  79.0
       Dungeon | 100.0 | 100.0 |  -nan |  -nan | 100.0 |  79.0
               +-------+-------+-------+-------+-------+----------------------

Vault maps used:
D:1:      scummos_entry_hexagon, minmay_gold_behind_plants
D:2:      infiniplex_staircase_pillars_2, first_bread,
          hangedman_abyss_or_decor_stabs
D:4:      nicolae_overflow_hidden_temple, serial_shops, shop,
          minmay_mini_ossuary

Action                   |  1- 3 |  4- 6 || total
-------------------------+-------+-------++-------
Melee: Short sword       |   242 |   182 ||   424
Throw: Dart              |       |     8 ||     8
       Club              |       |     1 ||     1
       Dagger            |       |     1 ||     1
Evoke: Wand              |       |     3 ||     3
  Use: Scroll            |       |     7 ||     7
       Potion            |       |     2 ||     2
 Stab: Sleeping          |       |     1 ||     1
Dungeon Crawl Stone Soup version 0.13.0-11-g0187522 (webtiles) character file. 230 Antunes the Charlatan (level 5, -10/42 HPs) Began as a Draconian Artificer on Oct 18, 2013. Killed by divine providence ... invoked by an orc priest (16 damage) ... on Level 3 of the Dungeon. The game lasted 00:38:59 (3877 turns). Antunes the Charlatan (Draconian Artificer) Turns: 3877, Time: 00:38:59 HP -10/42 AC 6 Str 14 XL: 5 Next: 65% MP 8/8 EV 10 Int 13 God: Gold 9 SH 14 Dex 11 Spells: 0 memorised, 5 levels left Res.Fire : . . . See Invis. : . I - +2,+1 elf short sword Res.Cold : . . . Warding : . (armour unavailable) Life Prot.: . . . Conserve : . L - +0 shield (curse) Res.Poison: . Res.Corr. : . (helmet restricted) Res.Elec. : . Clarity : . (no cloak) Sust.Abil.: . . Spirit.Shd : . k - +0 pair of gloves Res.Mut. : . Stasis : . (no boots) Res.Rott. : . Flight : . (no amulet) Saprovore : . . . (no ring) B - ring of wizardry @: invisible, slightly resistant to hostile enchantments, fairly stealthy A: unfitting armour, AC +5 a: no special abilities You were on level 3 of the Dungeon. You were hungry. You visited 1 branch of the dungeon, and saw 4 of its levels. You collected 199 gold pieces. You spent 210 gold pieces at shops. Dungeon Overview and Level Annotations Branches: Dungeon (4/27) Temple: D:4-7 Altars: Shops: D:4 ! Skills: * Level 2.6 Fighting + Level 1.9 Short Blades + Level 2.8 Dodging * Level 2.4 Stealth * Level 0.6 Shields * Level 0.6 Spellcasting * Level 4.3 Evocations You had 5 spell levels left. You didn't know any spells. Inventory: Hand weapons a - a +0,+0 short sword q - a +0,+1 orcish club (quivered) t - a +0,+0 dagger v - a +0,+0 mace x - a cursed -1,-3 dagger y - a +0,+0 sling E - a +1,+3 orcish dagger I - a +2,+1 elven short sword (weapon) O - a +0,+0 sling Missiles o - 11 sling bullets C - 14 arrows of frost G - 8 silver bolts K - a throwing net P - 10 arrows of flame Armour k - a +0 pair of gloves (worn) L - a cursed +0 shield (worn) Magical devices b - a wand of flame (15) c - a wand of enslavement (13) d - a wand of random effects (15) T - a wand of polymorph (6) Comestibles f - 4 bread rations g - 2 rotting chunks of worker ant flesh {@w1} h - 2 rotting chunks of hound flesh {@w1} i - a rotting chunk of ball python flesh {@w1} l - 3 meat rations n - a slice of pizza A - 2 pears H - an apple Scrolls e - 2 scrolls of remove curse {unknown} m - 3 scrolls of identify {unknown} r - a scroll of fog J - a scroll of noise Jewellery j - an uncursed ring of protection from fire {unknown} B - a ring of wizardry (left hand) N - an uncursed ring of protection from magic {unknown} Potions p - a potion of mutation {unknown} u - a potion of heal wounds {unknown} w - a potion of paralysis {unknown} z - 5 potions of curing D - 2 potions of restore abilities R - a potion of slowing {unknown} U - a potion of speed V - a potion of confusion {!q} Message History Evoke which item? (* to show all) (? for menu, Esc to quit) Zapping: c - a wand of enslavement (15) Aim: an adder Okay, then. Welcome back, Antunes the Draconian Artificer. Evoke which item? (* to show all) (? for menu, Esc to quit) Zapping: c - a wand of enslavement (15) Aim: an adder The adder easily resists. This wand has 14 charges left. The adder closely misses you. You smell something rotten. (slot g) Evoke which item? (* to show all) (? for menu, Esc to quit) Zapping: c - a wand of enslavement (14) Aim: an adder The adder is charmed. This wand has 13 charges left. * * * LOW HITPOINT WARNING * * * You feel sick. The orc priest hits you with an orcish dagger. * * * LOW HITPOINT WARNING * * * Drink which item? (? for menu, Esc to quit) You feel better. The orc priest calls down the wrath of Beogh upon you. Something smites you! * * * LOW HITPOINT WARNING * * * What do you say? t - Shout! Orders for allies: a - Attack new target. p - Attack previous target. r - Retreat! s - Stop attacking. w - Wait here. f - Follow me. Anything else - Stay silent. Gang up on whom? Aim: an orc priest, wielding an orcish dagger Okay, then. Welcome back, Antunes the Draconian Artificer. Drink which item? (? for menu, Esc to quit) You fade into invisibility! You are feeling hungry. The orc priest mumbles some strange prayers to Beogh against you. Something smites you! You die... #....# #...... #....# #...... #....# ###...... #....#####........ #........o.#...... #....##########.## ###.## #..o ##S.# #### #@o## # #'## #..... ..o #..... #<... #..>.. #..... #..... #...... ...o. #....... .... #...... .g. ... You could see an orc priest, an orc and a friendly adder.

Vanquished Creatures
  2 hounds (D:4)
  A worker ant (D:4)
  6 adders
  A worm (D:3)
  3 giant geckos
  An orc (D:3)
  5 bats
  4 giant cockroaches
  10 goblins
  10 hobgoblins
  5 jackals
  10 kobolds
  3 ball pythons
  2 giant newts
  7 rats
  A plant (D:1)
71 creatures vanquished. Notes Turn | Place | Note -------------------------------------------------------------- 0 | D:1 | Antunes, the Draconian Artificer, began the quest for the Orb. 0 | D:1 | Reached XP level 1. HP: 17/17 MP: 1/1 400 | D:1 | Reached XP level 2. HP: 24/24 MP: 3/3 655 | D:1 | Reached skill level 1 in Stealth 795 | D:1 | Reached skill level 2 in Dodging 1237 | D:2 | Reached XP level 3. HP: 27/29 MP: 4/4 2015 | D:3 | Reached XP level 4. HP: 29/36 MP: 6/6 2151 | D:3 | Reached skill level 2 in Fighting 2672 | D:2 | Reached skill level 4 in Evocations 3429 | D:4 | Found Pnauhy's Distillery. 3441 | D:4 | Reached skill level 2 in Stealth 3441 | D:4 | Reached XP level 5. HP: 30/42 MP: 8/8 3490 | D:4 | Bought a potion of speed for 55 gold pieces 3490 | D:4 | Bought a potion of curing for 20 gold pieces 3490 | D:4 | Bought a potion of curing for 20 gold pieces 3490 | D:4 | Bought a potion of confusion for 10 gold pieces 3490 | D:4 | Bought a potion of curing for 20 gold pieces 3490 | D:4 | Bought a potion of restore abilities for 30 gold pieces 3490 | D:4 | Bought a potion of invisibility for 55 gold pieces 3877 | D:3 | Killed from afar by an orc priest
